 Dungeon Crawl Stone Soup version 0.31-a0-175-g9f7f995f2b (webtiles) character file.

Game seed: 10806059417822026376

28723 qw the Cleaver (level 13, -3/82 HPs)
             Began as a Gargoyle Fighter on June 17, 2023.
             Was an Elder of Okawaru.
             Slain by a water moccasin (6 damage)
             ... on level 3 of the Lair of Beasts.
             The game lasted 00:07:15 (14750 turns).

qw the Cleaver (Gargoyle Fighter)                  Turns: 14750, Time: 00:07:15

Health: -3/82      AC: 34    Str: 25    XL:     13   Next: 40%
Magic:  20/20      EV: 14    Int:  9    God:    Okawaru [****..]
Gold:   966        SH:  6    Dex:  9    Spells: 12/12 levels left

rFire   . . .        y - -2 demon whip (venom)
rCold   . . .        c - +0 buckler
rNeg    + . .        p - +0 plate armour
rPois   inf          l - +0 helmet
rElec   +            t - +0 cloak
rCorr   +            b - +1 pair of gloves
SInv    .            f - +0 pair of boots
Will    .....        x - amulet of the acrobat Stlth
                     n - ring of resist corrosion
HPRegen 0.33/turn    z - +5 ring of evasion
MPRegen 0.17/turn

%: acrobat
@: heroic
A: sickness immunity, AC +9, negative energy resistance 1, electricity
resistance, torment resistance 1, petrification resistance
a: Renounce Religion, Heroism, Finesse


You were on level 3 of the Lair of Beasts.
You worshipped Okawaru.
Okawaru was greatly pleased with you.
You visited 3 branches of the dungeon, and saw 15 of its levels.

You collected 966 gold pieces.


Innate Abilities, Weirdness & Mutations

You are immune to sickness and miasma.
Your stone body is resilient. (AC +9)
You are immune to poison.
You resist negative energy. (rN+)
You are resistant to electric shocks. (rElec)
You are resistant to unholy torment.
You are immune to petrification.


   Skills:
 - Level 10.0(15.0) Fighting
 + Level 13.5(18.5) Axes
 - Level 5.2(10.2) Throwing
 - Level 10.0(15.0) Armour
 - Level 2.2(7.2) Dodging
 - Level 6.0(11.0) Shields
 - Level 10.2 Invocations


You had 12 spell levels left.
You didn't know any spells.
Your spell library was empty.

Inventory:

Hand Weapons
 s - a +0 flail of protection
 y - a -2 demon whip of venom (weapon)
 Y - a +2 broad axe of venom
Missiles
 g - 2 boomerangs
 q - 14 javelins
 u - 4 silver javelins (quivered)
Armour
 b - a +1 pair of gloves (worn)
 c - a +0 buckler (worn)
 f - a +0 pair of boots (worn)
 l - a +0 helmet (worn)
 p - a +0 plate armour (worn)
 t - a +0 cloak (worn)
 w - +0 acid dragon scales
Jewellery
 m - an amulet of guardian spirit
 n - a ring of resist corrosion (left hand)
 v - a ring of ice
 x - an amulet of the acrobat (around neck)
 z - a +5 ring of evasion (right hand)
Wands
 e - a wand of digging (3)
Scrolls
 a - 11 scrolls of identify
Potions
 d - 6 potions of might
 h - 4 potions of attraction
 i - 3 potions of enlightenment
 j - 2 potions of lignification
 k - a potion of haste
 o - a potion of mutation
 r - 3 potions of curing

Dungeon Overview and Level Annotations

Branches:
Dungeon (11/15)            Temple (1/1) D:5            Lair (3/5) D:11
    Orc (0/2) D:10
  Swamp: Lair:2-3    Shoals: Lair:2-3     Snake: Lair:2-3    Spider: Lair:2-3

Altars:
Ashenzari
Cheibriados
Dithmenos
Elyvilon
Fedhas
Gozag
Hepliaklqana
Kikubaaqudgha
Makhleb
Nemelex Xobeh
Okawaru
Qazlal
Ru
Sif Muna
Trog
Uskayaw
Vehumet
Wu Jian
Xom
Yredelemnul
Zin
The Shining One
Lugonu


Message History

Y - a +2 broad axe of venom (weapon)
The seven-headed hydra barely misses you.
The seven-headed hydra bites you but does no damage. x5
The seven-headed hydra barely misses you.
The water moccasin misses you.
14746 ||| SWAPPING to -2 demon whip of venom.
Your +2 broad axe of venom stops dripping with poison.
Your -2 demon whip of venom begins to drip with poison!
y - a -2 demon whip of venom (weapon)
14747 ||| SWAPPING to +2 broad axe of venom.
Your -2 demon whip of venom stops dripping with poison.
Your +2 broad axe of venom begins to drip with poison!
Y - a +2 broad axe of venom (weapon)
The water moccasin misses you.
The seven-headed hydra bites you but does no damage.
The seven-headed hydra closely misses you.
The seven-headed hydra bites you but does no damage.
You block the seven-headed hydra's attack.
The seven-headed hydra bites you but does no damage.
You block the seven-headed hydra's attack.
The seven-headed hydra bites you but does no damage.
14748 ||| SWAPPING to -2 demon whip of venom.
Your +2 broad axe of venom stops dripping with poison.
Your -2 demon whip of venom begins to drip with poison!
y - a -2 demon whip of venom (weapon)
The water moccasin completely misses you.
14749 ||| SWAPPING to +2 broad axe of venom.
Your -2 demon whip of venom stops dripping with poison.
Your +2 broad axe of venom begins to drip with poison!
Y - a +2 broad axe of venom (weapon)
You block the seven-headed hydra's attack. x3
The seven-headed hydra closely misses you.
The seven-headed hydra bites you but does no damage. x2
The seven-headed hydra bites you.
14750 ||| SWAPPING to -2 demon whip of venom.
Your +2 broad axe of venom stops dripping with poison.
Your -2 demon whip of venom begins to drip with poison!
y - a -2 demon whip of venom (weapon)
The water moccasin bites you.
You die...

.....?...((.
...........
...#.....%<
......#...##
..........#.#
...........#
.......SD.P#
### ####
...... ##@.##
#####~###~P#
.......##...P#
#~##.~..~..#
........#....#
#~~~~~~~~~..
.......#....##
#P..~~~~~~~~
.........###
#~.~~~~~~~~~
......#...#
##~~~~~..~~~
..###.....##
##~~~~.<.~~~
..###..#..#
#~~~~~...~~~
..........#
##.~~~~~~~~~


You could see a seven-headed hydra and a water moccasin.

Vanquished Creatures
  Gastronok (Lair:2)
  Fannar (D:11)
  A catoblepas (Lair:3)
  A hydra (Lair:1)
  A two-headed ogre (D:7)
  2 boulder beetles
  Urug (D:11)
  Sonja (D:11)
  Amaemon (Lair:1)
  A manticore (D:11)
  An ugly thing (D:8)
  A cyclops (D:8)
  2 black mambas
  6 elephants (Lair:3)
  2 cane toads
  An orange demon (Lair:1)
  3 kobold demonologists (D:11)
  3 komodo dragons
  2 ice devils (Lair:1)
  2 trolls
  11 blink frogs
  Prince Ribbit (D:6)
  Grinder (D:6)
  2 shadows
  A vampire (D:9)
  2 wraiths (D:11)
  27 yaks
  4 wyverns
  Eustachio (D:4)
  2 basilisks
  Grum (D:11)
  8 water moccasins
  Edmund (D:5)
  3 acid dragons (D:11)
  A black bear (D:11)
  4 orc warriors
  2 ogres (D:9)
  4 wolves (D:11)
  4 phantoms
  5 centaurs
  2 kobold brigands
  Blork the orc (D:5)
  10 bullfrogs
  A necrophage (D:4)
  2 scorpions
  A gnoll sergeant (D:9)
  2 troll zombies (D:10)
  3 wights (D:10)
  26 killer bees
  7 howler monkeys
  4 electric eels (D:8)
  8 hounds
  4 gnoll boudas
  9 orc priests
  2 jellies
  A sleepcap (D:6)
  Natasha (thrice) (D:2)
  4 iguanas
  14 orc wizards
  6 ogre zombies (D:10)
  A hound skeleton (D:4)
  A mummy (D:7)
  14 gnolls
  4 adders
  4 white imps
  3 ufetubi
  A worm (D:5)
  25 orcs
  8 ball pythons
  An endoplasm (D:2)
  A giant cockroach (D:1)
  5 goblins
  13 hobgoblins
  8 jackals
  20 kobolds
  6 quokkas
  2 bats (D:1)
  2 frilled lizards
  2 goblin skeletons (D:10)
  2 goblin zombies (D:10)
  A hobgoblin skeleton (D:10)
  3 hobgoblin zombies (D:10)
  2 orc skeletons (D:10)
  13 orc zombies (D:10)
  5 rats (D:2)
376 creatures vanquished.

Vanquished Creatures (others)
  3 orcs (D:11)
3 creatures vanquished.

Grand Total: 379 creatures vanquished

Notes
Turn   | Place    | Note
-------+----------+-------------------------------------------
     0 | D:1      | qw the Gargoyle Fighter began the quest for the Orb.
     0 | D:1      | Reached XP level 1. HP: 14/14 MP: 1/1
     0 | D:1      | 0 ||| qw: Version: 0.3-a-2-g5ab2908
     0 | D:1      | 0 ||| qw: Game counter: 121
     0 | D:1      | 0 ||| qw: Always use a shield: true
     0 | D:1      | 0 ||| qw: God list: Okawaru
     0 | D:1      | 0 ||| qw: Allow faded altars: false
     0 | D:1      | 0 ||| qw: Do Orc after D:15 true
     0 | D:1      | 0 ||| qw: Do second Lair branch before Depths: true
     0 | D:1      | 0 ||| qw: Lair rune preference: random
     0 | D:1      | 0 ||| qw: Plans: Normal, Zot:1-4, Slime:5, God:TSO, Crypt,
                  | Tomb, Abyss, Pan, Hells, Win
     0 | D:1      | 0 ||| PLANNING D:1-11
   147 | D:1      | Reached skill level 2 in Axes
   286 | D:1      | 286 ||| Stepping ~*~*~tactically~*~*~ (stealth).
   288 | D:1      | 288 ||| Stepping ~*~*~tactically~*~*~ (stealth).
   299 | D:1      | HP: 3/14 [quokka (4)]
   301 | D:1      | Reached XP level 2. HP: 5/19 MP: 2/2
   864 | D:1      | 864 ||| UPGRADING to +0 helmet.
   869 | D:1      | 869 ||| UPGRADING to amulet of guardian spirit.
   874 | D:1      | 874 ||| READING 2 scrolls labelled PAREN PYQE.
   875 | D:1      | 875 ||| READING scroll labelled LECAINAABB.
   876 | D:1      | 876 ||| READING scroll labelled ZYUSOSMO QUISK.
   877 | D:1      | 877 ||| READING scroll labelled NOESAG TEPPAAG.
   878 | D:1      | 878 ||| READING 2 scrolls labelled SICHEL UHULI.
   879 | D:1      | 879 ||| DROPPING scroll of revelation.
  1052 | D:2      | Reached skill level 3 in Axes
  1064 | D:2      | 1064 ||| DROPPING +0 club.
  1087 | D:2      | Noticed Natasha
  1088 | D:2      | 1088 ||| FLEEEEING.
  1089 | D:2      | 1089 ||| FLEEEEING.
  1090 | D:2      | 1090 ||| FLEEEEING.
  1091 | D:2      | 1091 ||| FLEEEEING.
  1092 | D:2      | 1092 ||| FLEEEEING.
  1093 | D:2      | 1093 ||| FLEEEEING.
  1094 | D:2      | 1094 ||| FLEEEEING.
  1095 | D:2      | 1095 ||| FLEEEEING.
  1105 | D:2      | HP: 4/19 [Natasha/magic dart (6)]
  1109 | D:2      | Killed Natasha
  1110 | D:2      | Reached XP level 3. HP: 4/23 MP: 1/3
  1252 | D:2      | Noticed Natasha
  1261 | D:2      | Killed Natasha
  1262 | D:2      | Reached skill level 4 in Axes
  1262 | D:2      | Reached XP level 4. HP: 18/28 MP: 2/4
  1326 | D:2      | Noticed Natasha
  1336 | D:2      | Killed Natasha
  1368 | D:2      | 1368 ||| Stepping ~*~*~tactically~*~*~ (stealth).
  1427 | D:2      | 1427 ||| Stepping ~*~*~tactically~*~*~ (hiding).
  1709 | D:2      | 1709 ||| SWAPPING to +0 broad axe.
  1710 | D:2      | 1710 ||| DROPPING +0 war axe.
  1764 | D:2      | Found a burning altar of Makhleb.
  1969 | D:2      | 1969 ||| READING scroll labelled CATYOGEEN.
  1973 | D:2      | 1973 ||| READING scroll labelled PARONA TISYG.
  1974 | D:2      | 1974 ||| DRINKING 2 glowing grey potions.
  2155 | D:3      | 2155 ||| Stepping ~*~*~tactically~*~*~ (stealth).
  2156 | D:3      | 2156 ||| Stepping ~*~*~tactically~*~*~ (stealth).
  2157 | D:3      | 2157 ||| Stepping ~*~*~tactically~*~*~ (stealth).
  2158 | D:3      | 2158 ||| Stepping ~*~*~tactically~*~*~ (stealth).
  2159 | D:3      | 2159 ||| Stepping ~*~*~tactically~*~*~ (stealth).
  2168 | D:3      | 2168 ||| Stepping ~*~*~tactically~*~*~ (hiding).
  2171 | D:3      | 2171 ||| Stepping ~*~*~tactically~*~*~ (hiding).
  2175 | D:3      | Reached XP level 5. HP: 32/32 MP: 5/5
  2410 | D:3      | Found a sparkling altar of Nemelex Xobeh.
  2658 | D:3      | 2658 ||| Stepping ~*~*~tactically~*~*~ (stealth).
  2749 | D:3      | 2749 ||| UPGRADING to +0 chain mail.
  2759 | D:3      | 2759 ||| DROPPING +0 scale mail.
  2760 | D:3      | 2760 ||| READING 3 scrolls of identify.
  2760 | D:3      | 2760 ||| IDENTIFYING coppery potion
  2761 | D:3      | 2761 ||| READING 2 scrolls of identify.
  2761 | D:3      | 2761 ||| IDENTIFYING fizzy ruby potion
  2762 | D:3      | 2762 ||| DROPPING potion of degeneration.
  2900 | D:4      | Found a burning altar of Makhleb.
  2907 | D:4      | Reached skill level 5 in Axes
  2929 | D:4      | Noticed Eustachio
  2963 | D:4      | Killed Eustachio
  2964 | D:4      | Reached XP level 6. HP: 23/40 MP: 6/6
  3152 | D:4      | 3152 ||| Stepping ~*~*~tactically~*~*~ (stealth).
  3161 | D:4      | Reached XP level 7. HP: 44/44 MP: 7/7
  3179 | D:4      | Reached skill level 6 in Axes
  3312 | D:4      | Found a hide-covered altar of Uskayaw.
  3316 | D:4      | Reached skill level 1 in Dodging
  3316 | D:4      | 3316 ||| Stepping ~*~*~tactically~*~*~ (hiding).
  4032 | D:4      | 4032 ||| UPGRADING to +0 pair of gloves.
  4037 | D:4      | 4037 ||| READING scroll labelled LUFACU BION.
  4067 | D:5      | Entered Level 5 of the Dungeon
  4110 | D:5      | Reached skill level 1 in Throwing
  4116 | D:5      | Noticed Edmund
  4130 | D:5      | Killed Edmund
  4143 | D:5      | 4143 ||| Stepping ~*~*~tactically~*~*~ (stealth).
  4274 | D:5      | 4274 ||| DROPPING +0 mace.
  4355 | D:5      | 4355 ||| Stepping ~*~*~tactically~*~*~ (stealth).
  4356 | D:5      | 4356 ||| Stepping ~*~*~tactically~*~*~ (stealth).
  4364 | D:5      | 4364 ||| READING scroll of enchant weapon.
  4364 | D:5      | 4364 ||| ENCHANTING +1 broad axe.
  4385 | D:5      | 4385 ||| Stepping ~*~*~tactically~*~*~ (stealth).
  4387 | D:5      | 4387 ||| Stepping ~*~*~tactically~*~*~ (hiding).
  4408 | D:5      | Reached skill level 7 in Axes
  4420 | D:5      | Reached XP level 8. HP: 25/49 MP: 5/8
  4529 | D:5      | Found a white marble altar of Elyvilon.
  4612 | D:5      | Found a staircase to the Ecumenical Temple.
  4613 | D:5      | 4613 ||| PLANNING TEMPLE
  4613 | D:5      | 4613 ||| READING scroll labelled ENORGH SIMMY.
  4614 | D:5      | 4614 ||| READING 2 scrolls of identify.
  4614 | D:5      | 4614 ||| IDENTIFYING dark potion
  4619 | Temple   | Entered the Ecumenical Temple
  4628 | Temple   | 4628 ||| PLANNING OKAWARU WORSHIP
  4783 | Temple   | Became a worshipper of Warmaster Okawaru
  4784 | Temple   | 4784 ||| PLANNING D:1-11
  4784 | Temple   | 4784 ||| REMOVING amulet of guardian spirit.
  4809 | D:5      | Noticed a wyvern
  4811 | D:5      | Noticed Blork the orc
  4815 | D:5      | Killed a wyvern
  4820 | D:5      | Killed Blork the orc
  5169 | D:6      | Reached skill level 8 in Axes
  5180 | D:6      | Noticed Grinder
  5181 | D:6      | 5181 ||| Stepping ~*~*~tactically~*~*~ (hiding).
  5190 | D:6      | Paralysed by Grinder for 4 turns
  5195 | D:6      | Killed Grinder
  5274 | D:6      | 5274 ||| Stepping ~*~*~tactically~*~*~ (hiding).
  5509 | D:6      | Reached skill level 6 in Fighting
  5515 | D:6      | Found a shimmering altar of Xom.
  5543 | D:6      | 5543 ||| Stepping ~*~*~tactically~*~*~ (hiding).
  5701 | D:6      | 5701 ||| Stepping ~*~*~tactically~*~*~ (hiding).
  5844 | D:6      | 5844 ||| DRINKING potion of curing.
  5844 | D:6      | 5844 ||| (to cure confusion)
  5857 | D:6      | Reached XP level 9. HP: 42/55 MP: 9/9
  5941 | D:6      | Found a broken altar of Ashenzari.
  5942 | D:6      | Noticed Prince Ribbit
  5976 | D:6      | 5976 ||| READING scroll labelled HOJAN UNEON.
  5979 | D:6      | Killed Prince Ribbit
  5979 | D:6      | Reached * piety under Okawaru
  5980 | D:6      | Reached skill level 9 in Axes
  6017 | D:6      | Found an ornate altar of the Wu Jian Council.
  6038 | D:6      | 6038 ||| READING scroll of brand weapon.
  6038 | D:6      | 6038 ||| BRANDING +2 heavy broad axe.
  6259 | D:6      | 6259 ||| READING 4 scrolls of identify.
  6259 | D:6      | 6259 ||| IDENTIFYING inky potion
  6260 | D:6      | 6260 ||| READING 3 scrolls of identify.
  6260 | D:6      | 6260 ||| IDENTIFYING murky sapphire potion
  6261 | D:6      | 6261 ||| DROPPING potion of berserk rage.
  6411 | D:7      | Found a blossoming altar of Fedhas.
  6422 | D:7      | Found a glowing golden altar of the Shining One.
  6466 | D:7      | 6466 ||| Stepping ~*~*~tactically~*~*~ (stealth).
  6467 | D:7      | 6467 ||| Stepping ~*~*~tactically~*~*~ (stealth).
  6467 | D:7      | Noticed a two-headed ogre
  6468 | D:7      | 6468 ||| INVOKING Heroism.
  6471 | D:7      | Reached skill level 1 in Invocations
  6477 | D:7      | Killed a two-headed ogre
  6477 | D:7      | Reached ** piety under Okawaru
  6478 | D:7      | Reached skill level 3 in Invocations
  6479 | D:7      | 6479 ||| INVOKING Heroism.
  6486 | D:7      | HP: 12/55 [ufetubus (3)]
  6487 | D:7      | 6487 ||| READING 5 scrolls of teleportation.
  6491 | D:7      | HP: 10/55 [bullfrog (3)]
  6493 | D:7      | 6493 ||| READING 4 scrolls of teleportation.
  6498 | D:7      | 6498 ||| READING 3 scrolls of teleportation.
  6502 | D:7      | 6502 ||| READING 2 scrolls of teleportation.
  6681 | D:7      | 6681 ||| Stepping ~*~*~tactically~*~*~ (stealth).
  6682 | D:7      | 6682 ||| Stepping ~*~*~tactically~*~*~ (stealth).
  6683 | D:7      | 6683 ||| Stepping ~*~*~tactically~*~*~ (stealth).
  6684 | D:7      | 6684 ||| Stepping ~*~*~tactically~*~*~ (stealth).
  6694 | D:7      | 6694 ||| INVOKING Heroism.
  6708 | D:7      | 6708 ||| Stepping ~*~*~tactically~*~*~ (hiding).
  6847 | D:7      | 6847 ||| DROPPING +0 flail.
  6973 | D:7      | Found a snail-covered altar of Cheibriados.
  7089 | D:7      | Found a glowing silver altar of Zin.
  7089 | D:7      | Noticed an angel
  7113 | D:7      | 7113 ||| READING scroll labelled MOUTICV SOFRI.
  7114 | D:7      | 7114 ||| READING 3 scrolls of identify.
  7114 | D:7      | 7114 ||| IDENTIFYING amethyst potion
  7131 | D:8      | 7131 ||| INVOKING Heroism.
  7144 | D:8      | Reached XP level 10. HP: 40/63 MP: 11/13
  7157 | D:8      | 7157 ||| INVOKING Heroism.
  7203 | D:8      | 7203 ||| Stepping ~*~*~tactically~*~*~ (stealth).
  7303 | D:8      | Found a shadowy altar of Dithmenos.
  7304 | D:8      | 7304 ||| Stepping ~*~*~tactically~*~*~ (stealth).
  7369 | D:8      | Found a basalt altar of Yredelemnul.
  7417 | D:8      | Noticed a brown ugly thing
  7430 | D:8      | Killed a brown ugly thing
  7431 | D:8      | Reached skill level 10 in Axes
  7469 | D:8      | 7469 ||| INVOKING Heroism.
  7474 | D:8      | Noticed a cyclops
  7480 | D:8      | HP: 13/63 [electric eel/bolt of electricity (3)]
  7481 | D:8      | 7481 ||| READING scroll of teleportation.
  7482 | D:8      | 7482 ||| DRINKING potion of heal wounds.
  7485 | D:8      | Killed a cyclops
  7659 | D:8      | 7659 ||| INVOKING Heroism.
  7727 | D:8      | 7727 ||| INVOKING Heroism.
  7806 | D:8      | Found the +8 frozen axe "Frostbite" {freeze, freezing
                  | cloud, *Noise Fly rC+}
  8016 | D:8      | 8016 ||| Stepping ~*~*~tactically~*~*~ (hiding).
  8150 | D:8      | 8150 ||| UPGRADING to ring of resist corrosion.
  8187 | D:9      | 8187 ||| Stepping ~*~*~tactically~*~*~ (stealth).
  8188 | D:9      | 8188 ||| INVOKING Heroism.
  8318 | D:9      | 8318 ||| Stepping ~*~*~tactically~*~*~ (stealth).
  8320 | D:9      | 8320 ||| Stepping ~*~*~tactically~*~*~ (stealth).
  8346 | D:9      | 8346 ||| INVOKING Heroism.
  8356 | D:9      | 8356 ||| Stepping ~*~*~tactically~*~*~ (stealth).
  8380 | D:9      | 8380 ||| FLEEEEING.
  8381 | D:9      | 8381 ||| Stepping ~*~*~tactically~*~*~ (hiding).
  8382 | D:9      | 8382 ||| FLEEEEING.
  8383 | D:9      | 8383 ||| INVOKING Heroism.
  8404 | D:9      | 8404 ||| Stepping ~*~*~tactically~*~*~ (stealth).
  8446 | D:9      | Reached *** piety under Okawaru
  8447 | D:9      | Reached skill level 11 in Axes
  8451 | D:9      | 8451 ||| INVOKING Heroism.
  8456 | D:9      | Reached skill level 6 in Armour
  8462 | D:9      | Reached XP level 11. HP: 51/68 MP: 12/14
  8470 | D:9      | HP: 17/68 [something/magic dart (1)]
  8471 | D:9      | 8471 ||| READING scroll of teleportation.
  8644 | D:9      | 8644 ||| UPGRADING to +0 cloak.
  8664 | D:9      | 8664 ||| Stepping ~*~*~tactically~*~*~ (stealth).
  8681 | D:9      | 8681 ||| Stepping ~*~*~tactically~*~*~ (stealth).
  8693 | D:9      | 8693 ||| INVOKING Heroism.
  8757 | D:9      | 8757 ||| Stepping ~*~*~tactically~*~*~ (stealth).
  8758 | D:9      | 8758 ||| Stepping ~*~*~tactically~*~*~ (stealth).
  8810 | D:9      | 8810 ||| FLEEEEING.
  8826 | D:9      | Reached skill level 9 in Fighting
  8830 | D:9      | 8830 ||| INVOKING Heroism.
  8890 | D:9      | 8890 ||| Stepping ~*~*~tactically~*~*~ (hiding).
  8911 | D:9      | 8911 ||| Stepping ~*~*~tactically~*~*~ (stealth).
  8913 | D:9      | 8913 ||| Stepping ~*~*~tactically~*~*~ (hiding).
  9024 | D:9      | 9024 ||| Stepping ~*~*~tactically~*~*~ (stealth).
  9026 | D:9      | 9026 ||| Stepping ~*~*~tactically~*~*~ (hiding).
  9618 | D:9      | 9618 ||| Stepping ~*~*~tactically~*~*~ (stealth).
  9668 | D:9      | 9668 ||| UPGRADING to +0 pair of boots.
  9673 | D:9      | 9673 ||| READING 4 scrolls of identify.
  9673 | D:9      | 9673 ||| IDENTIFYING glowing pink potion
  9674 | D:9      | 9674 ||| DROPPING potion of ambrosia.
  9721 | D:10     | Entered Level 10 of the Dungeon
  9789 | D:10     | 9789 ||| Stepping ~*~*~tactically~*~*~ (hiding).
  9792 | D:10     | 9792 ||| Stepping ~*~*~tactically~*~*~ (hiding).
  9912 | D:10     | 9912 ||| INVOKING Heroism.
  9914 | D:10     | 9914 ||| Stepping ~*~*~tactically~*~*~ (stealth).
  9915 | D:10     | 9915 ||| Stepping ~*~*~tactically~*~*~ (stealth).
  9921 | D:10     | 9921 ||| Stepping ~*~*~tactically~*~*~ (hiding).
  9923 | D:10     | 9923 ||| Stepping ~*~*~tactically~*~*~ (hiding).
 10125 | D:10     | 10125 ||| INVOKING Heroism.
 10262 | D:10     | 10262 ||| Stepping ~*~*~tactically~*~*~ (stealth).
 10279 | D:10     | 10279 ||| Stepping ~*~*~tactically~*~*~ (stealth).
 10281 | D:10     | 10281 ||| Stepping ~*~*~tactically~*~*~ (stealth).
 10283 | D:10     | 10283 ||| Stepping ~*~*~tactically~*~*~ (stealth).
 10298 | D:10     | Reached **** piety under Okawaru
 10321 | D:10     | Found a staircase to the Orcish Mines.
 10322 | D:10     | 10322 ||| FLEEEEING.
 10323 | D:10     | 10323 ||| FLEEEEING.
 10324 | D:10     | 10324 ||| FLEEEEING.
 10325 | D:10     | 10325 ||| FLEEEEING.
 10326 | D:10     | 10326 ||| FLEEEEING.
 10327 | D:10     | 10327 ||| FLEEEEING.
 10328 | D:10     | 10328 ||| FLEEEEING.
 10356 | D:10     | 10356 ||| FLEEEEING.
 10357 | D:10     | 10357 ||| FLEEEEING.
 10358 | D:10     | 10358 ||| FLEEEEING.
 10369 | D:10     | 10369 ||| INVOKING Heroism.
 10375 | D:10     | Received a gift from Okawaru
 10504 | D:10     | 10504 ||| Stepping ~*~*~tactically~*~*~ (stealth).
 10512 | D:10     | 10512 ||| Stepping ~*~*~tactically~*~*~ (stealth).
 10516 | D:10     | 10516 ||| Stepping ~*~*~tactically~*~*~ (stealth).
 10586 | D:10     | 10586 ||| Stepping ~*~*~tactically~*~*~ (stealth).
 10587 | D:10     | 10587 ||| Stepping ~*~*~tactically~*~*~ (stealth).
 10904 | D:10     | 10904 ||| UPGRADING to +0 plate armour.
 10914 | D:10     | 10914 ||| DROPPING +0 chain mail.
 11085 | D:11     | Found a corrupted altar of Lugonu.
 11087 | D:11     | 11087 ||| READING scroll labelled TANTEVOETOC.
 11111 | D:11     | 11111 ||| INVOKING Heroism.
 11113 | D:11     | Noticed a sixfirhy
 11118 | D:11     | Noticed a soul eater
 11232 | D:11     | Noticed a boulder beetle
 11233 | D:11     | 11233 ||| INVOKING Heroism.
 11238 | D:11     | Noticed a manticore
 11253 | D:11     | Killed a manticore
 11256 | D:11     | Killed a boulder beetle
 11256 | D:11     | Reached ***** piety under Okawaru
 11257 | D:11     | Reached skill level 6 in Invocations
 11273 | D:11     | 11273 ||| INVOKING Heroism.
 11279 | D:11     | Noticed Grum
 11280 | D:11     | 11280 ||| INVOKING Finesse.
 11286 | D:11     | Noticed Urug
 11291 | D:11     | Reached skill level 9 in Armour
 11299 | D:11     | Reached XP level 12. HP: 42/76 MP: 10/16
 11301 | D:11     | 11301 ||| INVOKING Heroism.
 11303 | D:11     | Killed Grum
 11318 | D:11     | HP: 19/76 [Urug/+1 demon trident of venom (3)]
 11319 | D:11     | 11319 ||| READING scroll of teleportation.
 11327 | D:11     | Killed Urug
 11328 | D:11     | Reached skill level 12 in Axes
 11599 | D:11     | Found a staircase to the Lair.
 11685 | D:11     | 11685 ||| Stepping ~*~*~tactically~*~*~ (stealth).
 11694 | D:11     | Found a radiant altar of Vehumet.
 11696 | D:11     | Noticed Fannar
 11702 | D:11     | 11702 ||| INVOKING Heroism.
 11711 | D:11     | Killed Fannar
 11712 | D:11     | Reached skill level 6 in Shields
 11713 | D:11     | Received a gift from Okawaru
 12083 | D:11     | Noticed Sonja
 12084 | D:11     | 12084 ||| INVOKING Finesse.
 12095 | D:11     | 12095 ||| INVOKING Heroism.
 12096 | D:11     | Killed Sonja
 12229 | D:11     | 12229 ||| DRINKING 4 brown potions.
 12230 | D:11     | 12230 ||| PLANNING LAIR
 12235 | Lair:1   | Entered Level 1 of the Lair of Beasts
 12414 | Lair:1   | Noticed Amaemon
 12415 | Lair:1   | 12415 ||| INVOKING Heroism.
 12427 | Lair:1   | Killed Amaemon
 12626 | Lair:1   | 12626 ||| Stepping ~*~*~tactically~*~*~ (stealth).
 12631 | Lair:1   | 12631 ||| INVOKING Heroism.
 12635 | Lair:1   | Received a gift from Okawaru
 12703 | Lair:1   | 12703 ||| INVOKING Heroism.
 12878 | Lair:1   | Found a frozen archway.
 12994 | Lair:1   | Noticed a seven-headed hydra
 12995 | Lair:1   | 12995 ||| INVOKING Heroism.
 12998 | Lair:1   | Killed a seven-headed hydra
 13091 | Lair:1   | Noticed a boulder beetle
 13092 | Lair:1   | 13092 ||| INVOKING Heroism.
 13100 | Lair:1   | Reached skill level 9 in Invocations
 13100 | Lair:1   | 13100 ||| Stepping ~*~*~tactically~*~*~ (stealth).
 13103 | Lair:1   | Killed a boulder beetle
 13250 | Lair:1   | 13250 ||| UPGRADING to amulet of the acrobat.
 13294 | Lair:2   | 13294 ||| STAIRDANCE
 13298 | Lair:1   | 13298 ||| INVOKING Heroism.
 13424 | Lair:2   | 13424 ||| STAIRDANCE
 13473 | Lair:2   | 13473 ||| STAIRDANCE
 13477 | Lair:1   | 13477 ||| INVOKING Heroism.
 13582 | Lair:2   | Noticed Gastronok
 13583 | Lair:2   | 13583 ||| Stepping ~*~*~tactically~*~*~ (hiding).
 13587 | Lair:2   | 13587 ||| Stepping ~*~*~tactically~*~*~ (hiding).
 13589 | Lair:2   | 13589 ||| INVOKING Heroism.
 13601 | Lair:2   | Killed Gastronok
 13676 | Lair:2   | 13676 ||| Stepping ~*~*~tactically~*~*~ (stealth).
 13684 | Lair:2   | 13684 ||| INVOKING Heroism.
 13705 | Lair:2   | Found a snail-covered altar of Cheibriados.
 13706 | Lair:2   | 13706 ||| Stepping ~*~*~tactically~*~*~ (stealth).
 13711 | Lair:2   | 13711 ||| INVOKING Heroism.
 13808 | Lair:2   | 13808 ||| INVOKING Heroism.
 13812 | Lair:2   | Reached XP level 13. HP: 82/82 MP: 17/20
 13854 | Lair:2   | 13854 ||| Stepping ~*~*~tactically~*~*~ (stealth).
 13856 | Lair:2   | 13856 ||| INVOKING Heroism.
 13883 | Lair:2   | 13883 ||| INVOKING Heroism.
 13912 | Lair:2   | Reached skill level 13 in Axes
 14024 | Lair:2   | 14024 ||| READING scroll of enchant armour.
 14024 | Lair:2   | 14024 ||| ENCHANTING +0 pair of gloves.
 14243 | Lair:2   | 14243 ||| UPGRADING to +5 ring of evasion.
 14277 | Lair:3   | 14277 ||| Stepping ~*~*~tactically~*~*~ (stealth).
 14279 | Lair:3   | 14279 ||| Stepping ~*~*~tactically~*~*~ (stealth).
 14289 | Lair:3   | 14289 ||| INVOKING Heroism.
 14314 | Lair:3   | 14314 ||| Stepping ~*~*~tactically~*~*~ (water).
 14319 | Lair:3   | Received a gift from Okawaru
 14362 | Lair:3   | 14362 ||| INVOKING Heroism.
 14526 | Lair:3   | 14526 ||| INVOKING Heroism.
 14617 | Lair:3   | 14617 ||| Stepping ~*~*~tactically~*~*~ (stealth).
 14618 | Lair:3   | 14618 ||| Stepping ~*~*~tactically~*~*~ (stealth).
 14632 | Lair:3   | Received a gift from Okawaru
 14681 | Lair:3   | 14681 ||| INVOKING Heroism.
 14685 | Lair:3   | 14685 ||| SWAPPING to -2 demon whip of venom.
 14686 | Lair:3   | 14686 ||| SWAPPING to +2 broad axe of venom.
 14687 | Lair:3   | 14687 ||| SWAPPING to -2 demon whip of venom.
 14688 | Lair:3   | 14688 ||| SWAPPING to +2 broad axe of venom.
 14689 | Lair:3   | 14689 ||| SWAPPING to -2 demon whip of venom.
 14690 | Lair:3   | 14690 ||| SWAPPING to +2 broad axe of venom.
 14691 | Lair:3   | 14691 ||| SWAPPING to -2 demon whip of venom.
 14692 | Lair:3   | 14692 ||| SWAPPING to +2 broad axe of venom.
 14693 | Lair:3   | 14693 ||| SWAPPING to -2 demon whip of venom.
 14694 | Lair:3   | 14694 ||| SWAPPING to +2 broad axe of venom.
 14695 | Lair:3   | 14695 ||| SWAPPING to -2 demon whip of venom.
 14696 | Lair:3   | 14696 ||| SWAPPING to +2 broad axe of venom.
 14697 | Lair:3   | 14697 ||| SWAPPING to -2 demon whip of venom.
 14698 | Lair:3   | 14698 ||| SWAPPING to +2 broad axe of venom.
 14699 | Lair:3   | 14699 ||| SWAPPING to -2 demon whip of venom.
 14700 | Lair:3   | 14700 ||| SWAPPING to +2 broad axe of venom.
 14701 | Lair:3   | 14701 ||| SWAPPING to -2 demon whip of venom.
 14702 | Lair:3   | 14702 ||| SWAPPING to +2 broad axe of venom.
 14703 | Lair:3   | 14703 ||| SWAPPING to -2 demon whip of venom.
 14704 | Lair:3   | 14704 ||| SWAPPING to +2 broad axe of venom.
 14705 | Lair:3   | 14705 ||| SWAPPING to -2 demon whip of venom.
 14706 | Lair:3   | 14706 ||| SWAPPING to +2 broad axe of venom.
 14707 | Lair:3   | 14707 ||| SWAPPING to -2 demon whip of venom.
 14708 | Lair:3   | 14708 ||| SWAPPING to +2 broad axe of venom.
 14709 | Lair:3   | 14709 ||| SWAPPING to -2 demon whip of venom.
 14710 | Lair:3   | 14710 ||| SWAPPING to +2 broad axe of venom.
 14711 | Lair:3   | 14711 ||| SWAPPING to -2 demon whip of venom.
 14712 | Lair:3   | 14712 ||| SWAPPING to +2 broad axe of venom.
 14713 | Lair:3   | 14713 ||| SWAPPING to -2 demon whip of venom.
 14714 | Lair:3   | 14714 ||| SWAPPING to +2 broad axe of venom.
 14715 | Lair:3   | 14715 ||| SWAPPING to -2 demon whip of venom.
 14716 | Lair:3   | 14716 ||| SWAPPING to +2 broad axe of venom.
 14717 | Lair:3   | 14717 ||| SWAPPING to -2 demon whip of venom.
 14718 | Lair:3   | 14718 ||| SWAPPING to +2 broad axe of venom.
 14719 | Lair:3   | 14719 ||| SWAPPING to -2 demon whip of venom.
 14720 | Lair:3   | 14720 ||| SWAPPING to +2 broad axe of venom.
 14721 | Lair:3   | 14721 ||| SWAPPING to -2 demon whip of venom.
 14722 | Lair:3   | 14722 ||| SWAPPING to +2 broad axe of venom.
 14723 | Lair:3   | 14723 ||| SWAPPING to -2 demon whip of venom.
 14724 | Lair:3   | 14724 ||| SWAPPING to +2 broad axe of venom.
 14725 | Lair:3   | 14725 ||| SWAPPING to -2 demon whip of venom.
 14726 | Lair:3   | 14726 ||| SWAPPING to +2 broad axe of venom.
 14727 | Lair:3   | 14727 ||| SWAPPING to -2 demon whip of venom.
 14728 | Lair:3   | 14728 ||| SWAPPING to +2 broad axe of venom.
 14728 | Lair:3   | HP: 14/82 [seven-headed hydra (10)]
 14729 | Lair:3   | 14729 ||| DRINKING potion of heal wounds.
 14730 | Lair:3   | 14730 ||| SWAPPING to -2 demon whip of venom.
 14731 | Lair:3   | 14731 ||| SWAPPING to +2 broad axe of venom.
 14732 | Lair:3   | 14732 ||| SWAPPING to -2 demon whip of venom.
 14733 | Lair:3   | 14733 ||| SWAPPING to +2 broad axe of venom.
 14733 | Lair:3   | HP: 19/82 [seven-headed hydra (5)]
 14734 | Lair:3   | 14734 ||| SWAPPING to -2 demon whip of venom.
 14735 | Lair:3   | 14735 ||| SWAPPING to +2 broad axe of venom.
 14736 | Lair:3   | 14736 ||| SWAPPING to -2 demon whip of venom.
 14737 | Lair:3   | 14737 ||| SWAPPING to +2 broad axe of venom.
 14738 | Lair:3   | 14738 ||| SWAPPING to -2 demon whip of venom.
 14739 | Lair:3   | 14739 ||| SWAPPING to +2 broad axe of venom.
 14739 | Lair:3   | HP: 11/82 [seven-headed hydra (1)]
 14739 | Lair:3   | HP: 5/82 [seven-headed hydra (6)]
 14740 | Lair:3   | 14740 ||| SWAPPING to -2 demon whip of venom.
 14741 | Lair:3   | 14741 ||| SWAPPING to +2 broad axe of venom.
 14742 | Lair:3   | 14742 ||| SWAPPING to -2 demon whip of venom.
 14743 | Lair:3   | 14743 ||| SWAPPING to +2 broad axe of venom.
 14744 | Lair:3   | 14744 ||| SWAPPING to -2 demon whip of venom.
 14745 | Lair:3   | 14745 ||| SWAPPING to +2 broad axe of venom.
 14746 | Lair:3   | 14746 ||| SWAPPING to -2 demon whip of venom.
 14747 | Lair:3   | 14747 ||| SWAPPING to +2 broad axe of venom.
 14748 | Lair:3   | 14748 ||| SWAPPING to -2 demon whip of venom.
 14749 | Lair:3   | 14749 ||| SWAPPING to +2 broad axe of venom.
 14749 | Lair:3   | HP: 3/82 [seven-headed hydra (3)]
 14750 | Lair:3   | 14750 ||| SWAPPING to -2 demon whip of venom.
 14750 | Lair:3   | Slain by a water moccasin

Levels and vault maps discovered:
D:1:      psy_arrival_statuary, layout_basic, grunt_decor_resistance,
          minmay_tetromino_t2
D:2:      layout_basic, basic_altar, grunt_decor_junction, uniq_natasha
D:3:      layout_basic, mainiacjoe_overflow_alcove_1
D:4:      layout_basic, nicolae_uskayaw_dance_hall, makhleb_blood_cavern_becter,
          uniq_eustachio
D:5:      layout_cave_pools, elyvilon_altar_4, temple_doors_e,
          minmay_crystal_water, uniq_edmund, uniq_blork_the_orc
D:6:      layout_loops_cross, mainiacjoe_overflow_paths,
          nicolae_overflow_crystal_walls, nicolae_wu_jian_wuxing_cycle,
          due_unseen_surprise, uniq_grinder, uniq_prince_ribbit1
D:7:      layout_basic, zin_angel, slow_altar_2,
          amethyst_overflow_temple_binary, serial_curves, eino_curves_01,
          eino_curves_03
D:8:      kennysheep_big_flooded_room, layout_rooms, lemuel_doored_altar,
          lemuel_tele_altar, palyth_stone_intersect
D:9:      kennysheep_housing_project, layout_loops_ring
D:10:     layout_small_grid, zombieorc2_lemuel
D:11:     kennysheep_kobold_lugonu_temple, layout_rooms,
          due_lair_maze_entry_diamond, nrook_campfire, nicolae_vehumet_radiance,
          uniq_sonja, uniq_grum, uniq_fannar, uniq_urug
Temple:   chequers_temple_sunken
Lair:1:   layout_hall_layers, portal_ice_cave_demonic_guard, lemuel_fruit_tree,
          uniq_amaemon
Lair:2:   layout_misc_corridors, basic_altar, serial_bayou_shore_b,
          uniq_gastronok
Lair:3:   layout_gridlike, minmay_swamp_entry_reptiles, spider_nest_entry_a,
          infiniplex_staircase_pool_2, lemuel_fruit_fields

Skill      XL: |  1  2  3  4  5  6  7  8  9 10 11 12 13 |
---------------+----------------------------------------+-----
Axes           | 2 3 4 5 7 8 9 11 12 13 | 13.5
Fighting       | 4 5 6 7 8 9 10 | 10.0
Dodging        | 1 2 |  2.2
Throwing       | 2 4 5 |  5.2
Armour         | 4 5 6 9 10 | 10.0
Invocations    | 4 6 10 | 10.2
Shields        | 4 5 6 |  6.0

Action                     |  1- 3 |  4- 6 |  7- 9 | 10-12 | 13-15 || total
---------------------------+-------+-------+-------+-------+-------++-------
  Melee: War axe           |    78 |    26 |       |       |       ||   104
         Broad axe         |       |    99 |   228 |   540 |   110 ||   977
  Throw: Javelin           |       |       |    33 |   117 |    24 ||   174
         Boomerang         |       |       |       |    30 |       ||    30
 Invoke: Heroism           |       |       |     4 |    30 |     6 ||    40
         Finesse           |       |       |       |     2 |       ||     2
    Use: Scroll            |     5 |     4 |    14 |     5 |     1 ||    29
         Potion            |       |     1 |     1 |     2 |     1 ||     5
 Armour: Scale mail        |    28 |    31 |       |       |       ||    59
         Chain mail        |       |   124 |   167 |   166 |       ||   457
         Plate armour      |       |       |       |   179 |   172 ||   351
  Dodge: Dodged            |    32 |   108 |   103 |   211 |   131 ||   585
  Block: Buckler           |    12 |    36 |    50 |   124 |    63 ||   285

Table legend:
 A = Non-vault XP
 B = Vault XP
 C = Vault XP percentage of total XP
 D = Non-vault monster count
 E = Vault monster count
 F = Vault count percentage of total count
                 A         B        C        D         E       F
            +---------+---------+-------+---------+---------+-------
      Total |   27486 |   13548 |  33.0 |     271 |     105 |  27.9
            +---------+---------+-------+---------+---------+-------
        D:1 |      23 |       1 |   4.2 |      13 |       1 |   7.1
        D:2 |      97 |      35 |  26.5 |      20 |       1 |   4.8
        D:3 |      21 |       0 |   0.0 |      11 |       0 |   0.0
        D:4 |     261 |     304 |  53.8 |      23 |       3 |  11.5
        D:5 |     635 |     248 |  28.1 |      15 |       2 |  11.8
        D:6 |     532 |     535 |  50.1 |      23 |       2 |   8.0
        D:7 |    1816 |      18 |   1.0 |      25 |       1 |   3.8
        D:8 |    1210 |    1023 |  45.8 |      19 |       2 |   9.5
        D:9 |    3202 |     836 |  20.7 |      33 |      30 |  47.6
       D:10 |    1938 |     711 |  26.8 |      20 |      34 |  63.0
       D:11 |    2742 |    6358 |  69.9 |      16 |      22 |  57.9
     Lair:1 |    5289 |    1806 |  25.5 |      21 |       4 |  16.0
     Lair:2 |    3792 |    1487 |  28.2 |      16 |       1 |   5.9
     Lair:3 |    5928 |     186 |   3.0 |      16 |       2 |  11.1
            +---------+---------+-------+---------+---------+-------
